AoeStats
← Vortex10000

Black Forest

505560161Analyzed
3v3 RM · 23d ago on Sep 10, 2026· 57m 40s· 6 players
Game mode
Random Map
Map size
Normal (6 player)
Population
200
Speed
Normal
Resources
Standard
Victory
Conquest
Starting age
Dark Age
Ending age
Imperial Age
RankedLock teamsTeams togetherTeam positionsShared explorationLock speedFull tech treeHidden civsTurbo modeCheats
Victory
Defeat
🇺🇸 Hindustanis · United States
969
+13
🇺🇸 Vietnamese · United States
961
+14
🇺🇸 Japanese · United States
846
+18
🇺🇸 Lithuanians · United States
926
-16
🇺🇸 Georgians · United States
910
-15
🇺🇸 Ethiopians · United States
887
-14
江培騰
0:39 Loom
15:38 Feudal Age
17:12 Double-Bit Axe
20:03 Wheelbarrow
19:14 Town Watch
19:27 Horse Collar
20:56 Gold Mining
20:58 Stone Mining
28:54 Castle Age
32:53 Hand Cart
32:53 Bow Saw
32:47 Heavy Plow
33:27 Gold Shaft Mining
33:42 Stone Shaft Mining
37:55 Imperial Age
36:30 Fortified Wall
38:01 Ballistics
39:54 Chemistry
39:00 Siege Engineers
40:01 Two-Man Saw
41:19 Town Patrol
42:04 Conscription
43:33 Heavy Scorpion
46:28 Torsion Engines
55:05 Caravan
Iceman7
0:27 Loom
12:59 Feudal Age
15:18 Double-Bit Axe
20:16 Castle Age
20:13 Stone Mining
22:02 Husbandry
22:55 Gold Mining
32:29 Bloodlines
37:33 Imperial Age
37:50 Scale Barding Armor
37:56 Forging
38:51 Wheelbarrow
38:14 Cavalier
40:12 Hand Cart
41:07 Paladin
44:21 Conscription
44:11 Pikeman
44:55 Tower Shields
44:47 Halberdier
46:46 Town Watch
48:07 Fishing Lines
49:16 Hill Forts
50:39 Town Patrol
51:33 Ballistics
52:14 Chemistry
51:29 Fletching
52:16 Iron Casting
52:34 Murder Holes
55:34 Hoardings
54:58 Bodkin Arrow
Vortex10000
0:25 Loom
12:01 Feudal Age
18:04 Wheelbarrow
18:27 Double-Bit Axe
21:37 Horse Collar
21:52 Stone Mining
21:55 Gold Mining
26:50 Castle Age
25:27 Fletching
27:13 Bloodlines
27:17 Scale Barding Armor
27:23 Forging
28:20 Bow Saw
29:20 Chain Barding Armor
29:36 Iron Casting
28:58 Pikeman
30:37 Bodkin Arrow
31:27 Heavy Plow
32:18 Hand Cart
31:54 Town Watch
33:40 Stone Shaft Mining
33:12 Husbandry
37:50 Town Patrol
41:54 Imperial Age
40:16 Caravan
43:17 Conscription
42:53 Elite Monaspa
47:05 Blast Furnace
45:44 Halberdier
48:42 Aznauri Cavalry
49:30 Parthian Tactics
49:25 Masonry
50:33 Heavy Cavalry Archer
53:10 Padded Archer Armor
55:13 Plate Barding Armor
54:54 Leather Archer Armor
54:40 Bracer
56:07 Guilds
57:45 Crop Rotation
58:17 Architecture
57:59 Fortified Wall
58:13 Ballistics
Drewwid
10:48 Feudal Age
11:32 Double-Bit Axe
11:30 Horse Collar
12:35 Wheelbarrow
19:21 Castle Age
17:24 Fletching
17:47 Gold Mining
20:43 Bow Saw
20:38 Heavy Plow
20:04 Crossbowman
20:42 Bodkin Arrow
23:38 Hand Cart
28:29 Pikeman
32:29 Imperial Age
35:07 Chemistry
34:29 Ballistics
34:33 Arbalester
35:26 Bracer
35:31 Padded Archer Armor
35:32 Scale Mail Armor
35:40 Scale Barding Armor
35:50 Forging
35:09 Halberdier
35:50 Squires
36:00 Light Cavalry
36:50 Bloodlines
38:41 Paper Money
43:09 Iron Casting
42:39 Scale Mail Armor
42:55 Leather Archer Armor
43:00 Chain Barding Armor
47:31 Chain Mail Armor
47:48 Ring Archer Armor
47:53 Plate Barding Armor
47:25 Husbandry
50:10 Elite Skirmisher
50:56 Thumb Ring
54:19 Plate Mail Armor
54:49 Imperial Skirmisher
Jedi9986
13:33 Feudal Age
18:04 Castle Age
16:14 Horse Collar
17:28 Double-Bit Axe
19:35 Wheelbarrow
19:36 Loom
20:35 Heavy Plow
23:19 Stone Mining
26:30 Bow Saw
26:40 Hand Cart
26:26 Gambesons
26:37 Man-at-Arms
29:19 Forging
28:38 Long Swordsman
30:12 Caravan
29:42 Pikeman
32:09 Iron Casting
31:21 Treadmill Crane
32:04 Ballistics
31:49 Fletching
32:16 Squires
33:22 Gold Mining
34:06 Yasama
35:02 Guard Tower
35:10 Bodkin Arrow
35:18 Scale Mail Armor
35:25 Town Watch
40:10 Imperial Age
38:06 Murder Holes
39:09 Gold Shaft Mining
40:34 Chain Mail Armor
40:20 Arson
41:11 Conscription
41:13 Kataparuto
40:44 Halberdier
42:16 Keep
42:25 Arrowslits
48:25 Elite Samurai
49:42 Hoardings
50:11 Two-Handed Swordsman
51:42 Champion
EnragedGod
10:55 Feudal Age
13:25 Double-Bit Axe
13:21 Horse Collar
20:30 Castle Age
20:29 Fletching
21:40 Bow Saw
21:38 Gold Mining
24:46 Wheelbarrow
23:39 Crossbowman
24:18 Bodkin Arrow
24:23 Padded Archer Armor
27:22 Ballistics
32:57 Leather Archer Armor
34:36 Stone Mining
36:41 Gold Shaft Mining
36:32 Loom
40:52 Imperial Age
42:08 Bracer
42:38 Ring Archer Armor
43:17 Chemistry
43:12 Forging
43:07 Scale Barding Armor
45:22 Heavy Camel Rider
46:03 Husbandry
46:14 Bloodlines
46:41 Iron Casting
46:26 Chain Barding Armor
46:14 Heavy Camel Rider
47:56 Onager
50:21 Onager
51:47 Conscription
52:41 Light Cavalry
54:05 Plate Barding Armor
54:30 Blast Furnace
Connection lost

Rejoining the realm…

Still unreachable

The connection could not be restored.

Session expired

The server has moved on; the page needs a fresh start.